 Dungeon Crawl Stone Soup version 0.29.1-15-g9cfb28693d (webtiles) character file.

Game seed: 17330420743224282068

28 ChrisAssaf the Conjurer (level 3, -8/15 HPs)
             Began as a Felid Conjurer on Apr 30, 2023.
             Killed by a fireball (19 damage)
             ... invoked by the fiery rage of Trog
             ... on level 3 of the Dungeon.
             The game lasted 00:03:35 (751 turns).

ChrisAssaf the Conjurer (Felid Conjurer)             Turns: 751, Time: 00:03:36

Health: -8/15      AC:  1    Str:  5    XL:     3   Next: 0%
Magic:  3/7        EV: 17    Int: 19    God:
Gold:   57         SH:  0    Dex: 14    Spells: 2/6 levels left
                                        Lives:  0   Deaths: 0

rFire   . . .      SeeInvis +   (weapon unavailable)
rCold   + . .      Faith    .   (shield unavailable)
rNeg    . . .      Spirit   .   (body armour unavailable)
rPois   .          Reflect  .   (helmet unavailable)
rElec   .          Harm     .   (cloak unavailable)
rCorr   .          Rampage  .   (gloves unavailable)
Will    .....                   (boots unavailable)
Stlth   ++........              (no amulet)
HPRegen 0.05/turn               c - ring of protection from cold
MPRegen 0.10/turn               (no ring)

@: quick
A: very small, claws 1, fangs 3, see invisible, speed 1, shaggy fur 1, stealthy
paws, no weapons or thrown items, no armour, multi-lived
a: no special abilities


You were on level 3 of the Dungeon.
You visited 1 branch of the dungeon, and saw 3 of its levels.

You collected 57 gold pieces.

Inventory:

Jewellery
 c - a ring of protection from cold (left paw)
Wands
 f - a wand of digging (2)
Scrolls
 d - 3 scrolls of identify {unknown}
 e - 2 scrolls of fog {unknown}
Potions
 a - a potion of magic
 b - a potion of degeneration {unknown}


   Skills:
 * Level 0.7 Fighting
 * Level 2.9 Dodging
 * Level 3.2 Stealth
 * Level 0.3 Unarmed Combat
 * Level 2.1 Spellcasting
 * Level 4.0 Conjurations


You had 2 spell levels left.
You knew the following spells:

 Your Spells              Type           Power      Damage    Failure   Level
a - Magic Dart            Conj           68%        1d6       3%          1
b - Searing Ray           Conj           34%        2d5       4%          2
c - Freeze                Ice            8%         1d3       16%         1

Your spell library contained the following spells:

 Spells                   Type           Power      Damage    Failure   Level
 Dazzling Flash           Conj/Hex       18%        N/A       22%         3
 Frozen Ramparts          Ice            4%         1d1       43%         3
 Hailstorm                Conj/Ice       9%         3d4       56%         4
 Fulminant Prism          Conj/Hex       4%         3d6       58%         4
 Iskenderun's Mystic Bla  Conj/Tloc      9%         2d4       58%         4


Dungeon Overview and Level Annotations

Branches:
Dungeon (3/15)

Altars:
Trog


Innate Abilities, Weirdness & Mutations

You have sharp claws.
You have razor-sharp teeth.
You have supernaturally acute eyesight. (SInv)
You cover ground quickly. (Speed+)
You are covered in fur. (AC +1)
Your paws help you pounce on unaware monsters.
You are incapable of wielding weapons or throwing items.
You cannot wear armour.
You gain extra lives every three experience levels.


Message History

Aim: an endoplasm (100% to hit)
The magic dart hits the endoplasm.
You kill the endoplasm!
Found a scroll labelled NUEGAINOKIM.
You now have 34 gold pieces (gained 11).
You now have 42 gold pieces (gained 8).
e - 2 scrolls labelled NUEGAINOKIM (gained 1) Memorise Freeze, consuming 1 spell level and leaving 1?
You start memorising the spell.
You continue memorising.
You finish memorising.
Spell assigned to 'c'.
You see here a +2 falchion of venom.
Found a rapier.
Found a stone staircase leading down.
Found 15 gold pieces.
You now have 57 gold pieces (gained 15).
There is a stone staircase leading down here.
You climb downwards.
Found a lead wand and a scroll labelled WOSIAME PILO.
There is a stone staircase leading up here.
You pounce on the unaware helpless adder!
You scratch the adder.
The adder is moderately wounded.
The adder barely misses you.
Aiming: Searing Ray (safe; 4% risk of failure)
Press: ? - help, Q - select action, (/) - cycle Shift-Dir - straight line, f - adder
Aim: an adder (moderately wounded, 63% to hit)
The searing ray misses the adder. (Press . to maintain the ray.)
The adder bites you.
The searing ray hits the adder!
You kill the adder!
Your Conjurations skill increases to level 4!
You have reached level 3!
Your experience leads to an increase in your attributes!
Increase (S)trength, (I)ntelligence, or (D)exterity?
You feel stronger. x2
f - a wand of digging (2) Trog hurls fiery rage upon you!
The fireball explodes!
The fireball engulfs you!!
Ouch! That really hurt!
You die...

#
#######.###
#.<........
#..........
#...###.###
#.@## #
#..# #..#
#..# ..?.
##... ##.#
#.#


You could see the fiery rage of Trog (unaware).

Vanquished Creatures
  An adder (D:3)
  A dart slug (D:1)
  A ball python (D:1)
  4 endoplasms
  A goblin (D:1)
  2 hobgoblins (D:1)
  A quokka (D:1)
  A bat (D:1)
  5 rats
17 creatures vanquished.

Notes
Turn   | Place    | Note
-------+----------+-------------------------------------------
     0 | D:1      | ChrisAssaf the Felid Conjurer began the quest for the Orb.
     0 | D:1      | Reached XP level 1. HP: 7/7 MP: 4/4
   339 | D:1      | Reached XP level 2. HP: 11/11 MP: 3/6
   401 | D:1      | Learned a level 2 spell: Searing Ray
   435 | D:1      | Found a faded altar of an unknown god.
   457 | D:1      | Prayed at the altar of an unknown god.
   457 | D:1      | Became a worshipper of Trog the Wrathful
   457 | D:1      | Reached * piety under Trog
   471 | D:1      | Fell from the grace of Trog
   693 | D:2      | Learned a level 1 spell: Freeze
   746 | D:3      | Reached skill level 4 in Conjurations
   746 | D:3      | Reached XP level 3. HP: 10/15 MP: 3/7
   751 | D:3      | Killed by a fireball

Illustrated notes

Levels and vault maps discovered:
D:1:      dpeg_arrival_morbid_curiosity, layout_basic, basic_ecumenical_altar,
          minmay_misc_feat_plants, minmay_misc_feat_room, serial_bayou_pond_c,
          minmay_misc_feat_rugged
D:2:      layout_rooms, uniq_crazy_yiuf_cottage
D:3:      layout_loops_ring, mainiacjoe_overflow_24_doors,
          nzn_hepliaklqana_mist_gate

Skill      XL: |  1  2 |
---------------+-------+-----
Stealth        | 3 |  3.2
Conjurations   | 4 |  4.0
Fighting       | |  0.7
Dodging        | |  2.9
Unarmed Combat | |  0.3
Spellcasting   | |  2.1

Action                   || total
-------------------------++-------
Melee: Unarmed           ||    22
       Bite              ||     3
 Cast: Magic Dart        ||    21
       Searing Ray       ||     3
Invok: Renounce Religion ||     1
 Stab: Sleeping          ||     2
Armor: Skin              ||     1
Dodge: Dodged            ||    18
